 Dungeon Crawl Stone Soup version 0.21-a0-140-g479285b (webtiles) character file.

10138 drasked the Frost Mage (level 11, -11/54 HPs)
             Began as a Deep Elf Ice Elementalist on July 21, 2017.
             Was an Elder of Vehumet.
             Splashed by an oklob plant's acid (12 damage)
             ... on level 3 of the Lair of Beasts.
             The game lasted 01:13:55 (11706 turns).

drasked the Frost Mage (Deep Elf Ice Elementalist) Turns: 11706, Time: 01:13:56

Health: -11/54     AC:  8    Str:  5    XL:     11   Next: 32%
Magic:  23/24      EV: 21    Int: 24    God:    Vehumet [****..]
Gold:   829        SH:  0    Dex: 15    Spells: 5/25 levels left

rFire    . . .     SeeInvis .   J - +8 whip "Snakebite" {curare, rPois}
rCold    . . .     Gourm    .   (no shield)
rNeg     . . .     Faith    .   d - +0 robe (curse)
rPois    +         Spirit   .   s - +2 hat
rElec    .         Reflect  .   G - +2 cloak
rCorr    .         Harm     .   E - +0 pair of gloves
MR       +....                  (no boots)
Stlth    ++........             X - amulet of magic regeneration
HPRegen  0.18/turn              M - +4 ring of protection
MPRegen  0.44/turn              t - +3 ring of evasion

@: corroded
A: no striking features
a: Renounce Religion


You were on level 3 of the Lair of Beasts.
You worshipped Vehumet.
Vehumet was greatly pleased with you.
You were not hungry.

You visited 3 branches of the dungeon, and saw 12 of its levels.
You also visited: Ossuary.

You collected 899 gold pieces.
You spent 70 gold pieces at shops.

Inventory:

Hand Weapons
 w - a +0 dagger of holy wrath
   (You took it off a goblin on level 3 of the Dungeon)
 J - the +8 whip "Snakebite" (weapon) {curare, rPois}
   (You found it on level 4 of the Dungeon)

   It poisons the flesh of those it strikes.
   It protects you from poison.
Armour
 a - a +0 robe
 d - a cursed +0 robe (worn)
   (You found it on level 6 of the Dungeon)
 s - a +2 hat (worn)
   (You found it on level 7 of the Dungeon)
 E - a +0 pair of gloves (worn)
   (You found it on level 4 of the Dungeon)
 G - a +2 cloak (worn)
   (You took it off Crazy Yiuf on level 4 of the Dungeon)
Jewellery
 m - an uncursed ring of stealth {Stlth+}
   (You found it on level 1 of the Dungeon)
 t - a +3 ring of evasion (right hand)
   (You found it on level 2 of the Dungeon)
 M - a +4 ring of protection (left hand)
   (You found it on level 7 of the Dungeon)
 P - a +3 amulet of reflection
   (You found it on level 8 of the Dungeon)
 Q - a cursed -5 ring of dexterity
   (You found it on level 2 of the Lair of Beasts)
 X - an amulet of magic regeneration (around neck)
   (You found it on level 2 of the Lair of Beasts)
Wands
 e - a wand of iceblast (4/15)
   (You took it off Ijyb on level 3 of the Dungeon)
 y - a wand of iceblast (9/15)
   (You found it on level 7 of the Dungeon)
 A - a wand of acid (13/15)
   (You found it on level 3 of the Dungeon)
 H - a wand of flame (18/48)
   (You took it off Eustachio on level 4 of the Dungeon)
 T - a wand of iceblast (12/15)
   (You found it on level 2 of the Lair of Beasts)
 U - a wand of paralysis (13/24)
   (You found it on level 2 of the Lair of Beasts)
 V - a wand of enslavement (8/24)
   (You found it on level 3 of the Lair of Beasts)
Scrolls
 f - 2 scrolls of remove curse
 g - 3 scrolls of fear
 k - 2 scrolls of immolation {!r}
 p - 3 scrolls of magic mapping {!r}
 r - 4 scrolls of teleportation
 B - 4 scrolls of amnesia
 O - 2 scrolls of identify
 R - a scroll of holy word {!r}
 S - a scroll of recharging
Potions
 i - a potion of brilliance
 j - 3 potions of agility
 l - 2 potions of invisibility
 q - a potion of mutation {unknown}
 v - a potion of magic
 x - 4 potions of flight
 z - 4 potions of heal wounds
 C - 3 potions of lignification {!q}
 D - 3 potions of might
 F - a potion of berserk rage {unknown}
 I - 5 potions of curing
 K - 2 potions of haste
 L - 2 potions of resistance
 Y - a potion of cancellation {unknown}
Books
 b - a book of Frost
 h - a book of Minor Magic
   (You found it on level 5 of the Dungeon)
 u - a book of Clouds
   (You found it on level 7 of the Dungeon)
Miscellaneous
 N - a lightning rod (4/4)
   (You found it on level 1 of the Lair of Beasts)
Comestibles
 c - 10 bread rations {@e1}
 n - 6 meat rations {@e2}
 o - 7 fruits
 W - 11 chunks of flesh {@w0}


   Skills:
 + Level 8.8 Dodging
 - Level 2.4 Stealth
 - Level 7.7 Spellcasting
 + Level 9.2 Conjurations
 - Level 6.4 Summonings
 - Level 10.0 Ice Magic
 + Level 7.2 Air Magic
 - Level 3.1 Poison Magic


You had 5 spell levels left.
You knew the following spells:

 Your Spells              Type           Power        Failure   Level  Hunger
a - Freeze                Ice            ####         1%          1    None
b - Summon Ice Beast      Ice/Summ       #####...     2%          4    ###....
c - Blink                 Tloc           N/A          10%         2    None
d - Mephitic Cloud        Conj/Pois/Air  #####...     1%          3    None
e - Freezing Cloud        Conj/Ice/Air   ######....   7%          6    ######.
x - Throw Icicle          Conj/Ice       ######..     1%          4    ###....


Dungeon Overview and Level Annotations

Branches:
Dungeon (8/15)             Temple (1/1) D:4            Lair (3/6) D:8
  Snake (0/4) Lair:2
  Swamp: Lair:2-4    Shoals: Lair:2-4

Altars:
Ashenzari
Cheibriados
Dithmenos
Elyvilon
Fedhas
Gozag
Hepliaklqana
Kikubaaqudgha
Makhleb
Nemelex Xobeh
Okawaru
Qazlal
Ru
Sif Muna
Trog
Uskayaw
Vehumet
Wu Jian
Xom
Yredelemnul
Zin
The Shining One

Shops:
D:7 }   D:8 *

Annotations:
D:6 2 transporters
Lair:3 exclusion: oklob plant


Message History

The yak is engulfed in freezing vapours. x2
A yak comes into view.
You now have 16/24 mp.
A chill wind blows around you.
The yak bellows!
You now have 12/24 mp.
The yak is engulfed in freezing vapours.
Your ice beast hits the yak.
Your ice beast freezes the yak!!
The yak dies!
Vehumet accepts your kill.
The yak is engulfed in freezing vapours.
The yak closely misses your ice beast.
Your ice beast closely misses the yak.
Your ice beast hits the yak.
Your ice beast freezes the yak!
The yak is engulfed in freezing vapours.
The yak is engulfed in freezing vapours.
The yak gores your ice beast!
Your ice beast hits the yak.
Your ice beast freezes the yak!
The yak dies!
Vehumet accepts your kill.
Your ice beast completely misses the yak.
Okay, then.
The yak is engulfed in freezing vapours.
What are your orders? t - Shout!
Orders for allies: a - Attack new target. r - Retreat! s - Stop attacking. g - Guard the area. f - Follow me.
Anything else - Cancel.
Gang up on whom?
Aim: a yak (moderately wounded) Attack!
Your ice beast hits the yak but does no damage.
Your ice beast hits the yak.
Your ice beast freezes the yak!!
The yak barely misses your ice beast.
Your ice beast hits the yak but does no damage. x2
The yak gores your ice beast! x2; Your ice beast hits the yak.
Your ice beast freezes the yak!!
The yak dies!
Vehumet accepts your kill.
Your ice beast hits the yak.
Your ice beast freezes the yak!
The yak dies!
Vehumet accepts your kill.
Vehumet is extending the range of your destructive magics.
What are your orders? t - Shout!
Orders for allies: a - Attack new target. r - Retreat! s - Stop attacking. g - Guard the area. f - Follow me.
Anything else - Cancel.
Gang up on whom?
Aim: a yak (severely wounded) Attack!
The yak completely misses your ice beast.
Your ice beast hits the yak.
Your ice beast freezes the yak!
The yak dies!
Vehumet accepts your kill.
You swap places.
You see here a yak corpse.
You butcher the yak corpse.
W - 5 chunks of flesh {@w0} You see here a yak corpse.
You butcher the yak corpse.
W - 11 chunks of flesh {@w0} (gained 6)
You see here a yak corpse.
You butcher the yak corpse.
W - 12 chunks of flesh {@w0} (gained 1)
You see here a yak skeleton.
Autoeating chunks.
Eating one of 12 chunks of flesh {@w0}.
You eat one of the 12 chunks of flesh {@w0}.
You now have 829 gold pieces (gained 7).
Your ice beast disappears in a puff of smoke!
An oklob plant comes into view.
MP restored: 24 An oklob plant is nearby!
An oklob plant is nearby!
Found a stone staircase leading down.
Your ice beast disappears in a puff of smoke!
The oklob plant spits acid at you. The splash of acid hits you!
You are splashed with acid!
The acid burns!
You take 25 damage, and have 29/54 hp.
MASSIVE DAMAGE!!
The oklob plant spits acid at you. The splash of acid hits you!
You are splashed with acid!
The acid burns!
* * * LOW HITPOINT WARNING * * *
You take 14 damage, and have 15/54 hp.
MASSIVE DAMAGE!!
The oklob plant spits acid at you. The splash of acid hits you!
You are splashed with acid!
The acid burns!
* * * LOW HITPOINT WARNING * * *
You take 10 damage, and have 5/54 hp.
Unknown command.
Okay, then.
You blink.
You now have 22/24 mp.
The oklob plant spits acid at you. The splash of acid hits you!
* * * LOW HITPOINT WARNING * * *
The acid corrodes you!
You are splashed with acid!
The acid burns!
You die...

#... ... ##... ..P
#...# .... ...#
....# ##..##....#
###...#...#
###.........#
#..PPP.@#.# #
###.%PPP?...# .#P
#....PPP...#.#
...###...../...>.#..
....#............#
..P #............##
.. #...........## #
#..#
##...........#.#..
#...#
#...........#..#..
##...


You could see an oklob plant.

Vanquished Creatures
  3 black mambas (Lair:2)
  4 spiny frogs
  A komodo dragon (Lair:2)
  A hippogriff (Lair:2)
  A wyvern (Lair:1)
  3 yaks (Lair:2)
  Eustachio (D:4)
  A basilisk (Lair:2)
  A hungry ghost (D:7)
  2 nagas (Lair:2)
  A hell hound (D:8)
  2 porcupines
  3 water moccasins
  A phantom (D:7)
  An ogre (D:7)
  4 wolves (Lair:1)
  3 centaurs
  2 crocodiles
  A bullfrog (Lair:1)
  A howler monkey (D:4)
  4 crimson imps
  4 hounds
  A bullfrog skeleton (D:6)
  4 orc wizards
  Ijyb (D:3)
  2 worker ants (D:8)
  A big kobold zombie (Ossuary)
  3 mummies
  2 gnolls (D:8)
  3 adders
  2 shadow imps
  An ooze (D:7)
  4 worms
  2 leopard geckos
  3 orcs
  A ball python (D:3)
  7 bats (D:1)
  A giant cockroach (D:3)
  2 hobgoblins (D:1)
  11 jackals
  3 quokkas
  3 frilled lizards
  7 goblins
  3 hobgoblin zombies
  A jackal skeleton (D:6)
  A jackal zombie (D:6)
  5 kobolds (D:1)
  A kobold zombie (D:5)
  7 rats
  3 fungi (Lair:2)
  4 plants
134 creatures vanquished.

Vanquished Creatures (collateral kills)
  An ugly thing (D:8)
  An oklob plant (Lair:2)
  A black mamba (Lair:2)
  4 spiny frogs (Lair:1)
  2 komodo dragons
  A rime drake (Lair:2)
  2 hippogriffs
  6 yaks
  2 nagas (Lair:2)
  2 water moccasins (Lair:1)
  5 porcupines
  A hell hound (D:8)
  An ice beast (D:7)
  A phantom (D:4)
  An ogre (D:6)
  2 black bears
  A crocodile (Lair:1)
  A big kobold (D:8)
  Blork the orc (D:6)
  4 bullfrogs
  A gnoll sergeant (D:8)
  A wyvern skeleton (D:6)
  A scorpion (D:8)
  6 killer bees (D:7)
  An electric eel (Lair:3)
  4 wights
  2 crimson imps
  A quasit (D:6)
  A centaur zombie (D:8)
  A hound (D:6)
  2 jellies
  An orc priest (D:5)
  An orc wizard (D:5)
  Crazy Yiuf (D:4)
  2 iguanas
  2 worker ants
  6 mummies (Ossuary)
  A worker ant zombie (D:6)
  4 gnolls
  2 adders
  A shadow imp (D:5)
  An ooze (D:6)
  A worm (D:4)
  8 orcs
  A ball python (D:8)
  A giant cockroach (D:6)
  2 gnoll zombies (Ossuary)
  3 kobolds (D:8)
  A quokka (D:6)
  A hobgoblin zombie (Ossuary)
  2 kobold zombies (Ossuary)
103 creatures vanquished.

Vanquished Creatures (others)
  4 fungi
4 creatures vanquished.

Grand Total: 241 creatures vanquished

Notes
Turn   | Place    | Note
-------+----------+-------------------------------------------
     0 | D:1      | drasked the Deep Elf Ice Elementalist began the quest for the Orb.
     0 | D:1      | Reached XP level 1. HP: 10/10 MP: 6/6
   122 | D:1      | Reached skill level 4 in Ice Magic
   122 | D:1      | Reached XP level 2. HP: 11/15 MP: 1/8
   912 | D:2      | Found a glowing golden altar of the Shining One.
  1086 | D:2      | Reached XP level 3. HP: 19/19 MP: 7/9
  1603 | D:3      | Reached skill level 5 in Ice Magic
  2280 | D:3      | Noticed Ijyb
  2283 | D:3      | Reached XP level 4. HP: 24/24 MP: 7/10
  2289 | D:3      | Killed Ijyb
  2289 | D:3      | Reached skill level 6 in Ice Magic
  2295 | D:3      | Learned a level 4 spell: Summon Ice Beast
  2537 | D:3      | Reached skill level 1 in Summonings
  2728 | D:4      | Reached skill level 2 in Summonings
  2728 | D:4      | Reached XP level 5. HP: 23/28 MP: 7/11
  2747 | D:4      | Found a staircase to the Ecumenical Temple.
  2833 | D:4      | Reached skill level 3 in Summonings
  2837 | D:4      | Noticed a phantom
  2934 | D:4      | Found a runed door.
  2976 | Temple   | Entered the Ecumenical Temple
  3004 | Temple   | Became a worshipper of Vehumet
  3328 | D:4      | Killed a phantom
  3328 | D:4      | Reached skill level 4 in Summonings
  3328 | D:4      | Reached XP level 6. HP: 26/32 MP: 10/12
  3334 | D:4      | Learned a level 4 spell: Throw Icicle
  3414 | D:4      | Noticed Eustachio
  3424 | D:4      | Killed Eustachio
  3424 | D:4      | Reached skill level 5 in Summonings
  3710 | D:4      | Noticed Crazy Yiuf
  3714 | D:4      | Paralysed by Crazy Yiuf for 4 turns
  3719 | D:4      | Killed Crazy Yiuf
  3887 | D:5      | Entered Level 5 of the Dungeon
  3914 | D:5      | Reached skill level 6 in Summonings
  3914 | D:5      | Reached XP level 7. HP: 36/36 MP: 13/13
  3943 | D:5      | Found a sand-covered staircase.
  3952 | Ossuary  | Entered an ossuary
  4112 | Ossuary  | Reached skill level 2 in Conjurations
  4455 | D:5      | Reached skill level 3 in Conjurations
  4506 | D:5      | Reached * piety under Vehumet
  4506 | D:5      | Offered knowledge of Sting by Vehumet.
  4616 | D:5      | Reached skill level 4 in Conjurations
  4966 | D:6      | Reached skill level 5 in Conjurations
  5091 | D:6      | Noticed Blork the orc
  5103 | D:6      | Killed Blork the orc
  5103 | D:6      | Reached XP level 8. HP: 36/41 MP: 4/15
  5456 | D:6      | Found a transporter.
  5480 | D:6      | Reached skill level 4 in Spellcasting
  5630 | D:6      | Found a transporter.
  5688 | D:6      | Found a glowing silver altar of Zin.
  6099 | D:7      | Reached skill level 6 in Conjurations
  6103 | D:7      | Learned a level 2 spell: Blink
  6107 | D:7      | Learned a level 3 spell: Mephitic Cloud
  6147 | D:7      | Reached skill level 5 in Spellcasting
  6197 | D:7      | Found Gaxuckis's Gadget Shop.
  6258 | D:7      | Reached skill level 1 in Air Magic
  6258 | D:7      | Reached skill level 1 in Poison Magic
  6367 | D:7      | Offered knowledge of Searing Ray by Vehumet.
  6367 | D:7      | Reached skill level 7 in Ice Magic
  6391 | D:7      | Reached ** piety under Vehumet
  6708 | D:7      | Reached skill level 2 in Air Magic
  6708 | D:7      | Reached skill level 2 in Poison Magic
  7230 | D:8      | Found Kusosch's Assorted Antiques.
  7250 | D:8      | Bought a scroll of identify for 36 gold pieces
  7250 | D:8      | Bought a scroll labeled HIFROT HEDEU for 18 gold pieces
  7250 | D:8      | Bought a fizzy emerald potion for 16 gold pieces
  7297 | D:8      | Reached XP level 9. HP: 45/45 MP: 11/19
  7437 | D:8      | Reached skill level 8 in Ice Magic
  7606 | D:8      | Found a staircase to the Lair.
  7622 | D:8      | Reached skill level 6 in Spellcasting
  7622 | D:8      | Reached skill level 3 in Poison Magic
  7831 | D:8      | Offered knowledge of Dazzling Spray by Vehumet.
  7899 | D:8      | Noticed a brown ugly thing
  7996 | D:8      | Killed a brown ugly thing
  7996 | D:8      | Reached skill level 3 in Air Magic
  8126 | D:8      | Noticed a komodo dragon
  8164 | D:8      | Killed a komodo dragon
  8164 | D:8      | Reached skill level 3 in Dodging
  8360 | Lair:1   | Entered Level 1 of the Lair of Beasts
  8369 | Lair:1   | Reached skill level 9 in Ice Magic
  8419 | Lair:1   | Noticed a komodo dragon
  8429 | Lair:1   | Noticed a spiny frog
  8429 | Lair:1   | Reached skill level 7 in Spellcasting
  8433 | Lair:1   | Noticed a spiny frog
  8433 | Lair:1   | Killed a spiny frog
  8433 | Lair:1   | Reached skill level 4 in Dodging
  8435 | Lair:1   | Killed a komodo dragon
  8440 | Lair:1   | Killed a spiny frog
  8451 | Lair:1   | Reached skill level 10 in Ice Magic
  8451 | Lair:1   | HP: 11/45 [bullfrog (6)]
  8452 | Lair:1   | Noticed a spiny frog
  8462 | Lair:1   | HP: 10/45 [bullfrog (2)]
  8705 | D:8      | Learned a level 6 spell: Freezing Cloud
  8755 | Lair:1   | Killed a spiny frog
  8755 | Lair:1   | Reached XP level 10. HP: 50/50 MP: 9/23
  8758 | Lair:1   | Noticed a spiny frog
  8781 | Lair:1   | HP: 2/50 [spiny frog (18)]
  8781 | Lair:1   | Killed a spiny frog
  8781 | Lair:1   | Reached *** piety under Vehumet
  8791 | Lair:1   | Reached skill level 5 in Dodging
  9178 | Lair:1   | Noticed a spiny frog
  9215 | Lair:1   | Killed a spiny frog
  9215 | Lair:1   | Reached skill level 4 in Air Magic
  9650 | Lair:1   | Noticed a spiny frog
  9666 | Lair:1   | Reached skill level 7 in Conjurations
  9669 | Lair:1   | Killed a spiny frog
  9669 | Lair:1   | Reached skill level 6 in Dodging
 10027 | Lair:1   | Noticed a spiny frog
 10030 | Lair:1   | Killed a spiny frog
 10030 | Lair:1   | Reached skill level 5 in Air Magic
 10176 | Lair:2   | Noticed a black mamba
 10180 | Lair:2   | Killed a black mamba
 10234 | Lair:2   | Noticed a black mamba
 10255 | Lair:2   | Killed a black mamba
 10255 | Lair:2   | Reached skill level 7 in Dodging
 10297 | Lair:2   | Reached skill level 8 in Conjurations
 10303 | Lair:2   | Noticed a black mamba
 10309 | Lair:2   | Killed a black mamba
 10314 | Lair:2   | Reached skill level 6 in Air Magic
 10331 | Lair:2   | Offered knowledge of Inner Flame by Vehumet.
 10525 | Lair:2   | Reached XP level 11. HP: 54/54 MP: 12/24
 10757 | Lair:2   | Reached skill level 8 in Dodging
 11094 | Lair:2   | Found a staircase to the Snake Pit.
 11162 | Lair:2   | Noticed an oklob plant
 11202 | Lair:2   | Killed an oklob plant
 11399 | Lair:2   | Reached skill level 9 in Conjurations
 11399 | Lair:2   | Reached skill level 7 in Air Magic
 11669 | Lair:3   | Reached **** piety under Vehumet
 11691 | Lair:3   | Noticed an oklob plant
 11704 | Lair:3   | HP: 5/54 [acid (11)]
 11706 | Lair:3   | HP: 1/54 [oklob plant/splash of acid (4)]
 11706 | Lair:3   | Splashed by an oklob plant's acid

Vault maps used:
D:1:      dpeg_arrival_chase, minmay_tiny_reverse_x
D:2:      tso_altar
D:3:      first_bread, uniq_ijyb
D:4:      temple_pool_b, uniq_eustachio, uniq_crazy_yiuf_cottage
D:5:      nicolae_ossuary_entry_giza
D:6:      gammafunk_steamed_eel, lemuel_coloured_pillars_altar,
          uniq_blork_the_orc
D:7:      serial_shops, shop
D:8:      minmay_lair_entry_lava, serial_shops,
          nicolae_shop_temple_entry_statues_fountains
Temple:   nicolae_temple_the_god_donut
Lair:1:   beast_lair_carwin_3
Lair:2:   minmay_snake_entry_guardpost_medium
Lair:3:   minmay_lair_oklob_bushes, lemuel_fruit_fields, serial_bayou_shore_a
Ossuary:  ossuary_tomb_3

Skill      XL: |  1  2  3  4  5  6  7  8  9 10 11 |
---------------+----------------------------------+-----
Ice Magic      | 4 5 6 7 10 | 10.0
Summonings     | 2 4 6 |  6.4
Conjurations   | 5 6 8 9 |  9.2
Spellcasting   | 5 7 |  7.7
Air Magic      | 2 3 6 7 |  7.2
Poison Magic   | 2 3 |  3.1
Dodging        | 4 7 8 |  8.8
Stealth        | |  2.4

Action                   |  1- 3 |  4- 6 |  7- 9 | 10-12 || total
-------------------------+-------+-------+-------+-------++-------
Melee: Short sword       |     7 |       |       |       ||     7
       Dagger            |       |     8 |       |       ||     8
       Whip              |       |     4 |    95 |     4 ||   103
 Cast: Freeze            |    74 |    39 |    32 |    12 ||   157
       Summon Ice Beast  |       |     4 |    70 |    31 ||   105
       Throw Icicle      |       |       |    10 |    11 ||    21
       Mephitic Cloud    |       |       |     9 |     5 ||    14
       Freezing Cloud    |       |       |       |    24 ||    24
       Blink             |       |       |       |     1 ||     1
Evoke: Wand              |       |       |     1 |       ||     1
  Use: Scroll            |       |    12 |     3 |    11 ||    26
       Potion            |       |       |       |     3 ||     3
 Stab: Sleeping          |     6 |     2 |     7 |       ||    15
  Eat: Chunk             |     4 |     5 |    22 |    11 ||    42
       Fruit             |       |     1 |     3 |     7 ||    11
       Royal jelly       |       |       |     3 |       ||     3
       Meat ration       |       |       |       |     1 ||     1
Armor: Robe              |    13 |     5 |    26 |     6 ||    50
Dodge: Dodged            |    35 |    27 |   110 |    26 ||   198

Vault maps used:
D:1:      dpeg_arrival_chase, minmay_tiny_reverse_x
D:2:      tso_altar
D:3:      first_bread, uniq_ijyb
D:4:      temple_pool_b, uniq_eustachio, uniq_crazy_yiuf_cottage
D:5:      nicolae_ossuary_entry_giza
D:6:      gammafunk_steamed_eel, lemuel_coloured_pillars_altar,
          uniq_blork_the_orc
D:7:      serial_shops, shop
D:8:      minmay_lair_entry_lava, serial_shops,
          nicolae_shop_temple_entry_statues_fountains
Temple:   nicolae_temple_the_god_donut
Lair:1:   beast_lair_carwin_3
Lair:2:   minmay_snake_entry_guardpost_medium
Lair:3:   minmay_lair_oklob_bushes, lemuel_fruit_fields, serial_bayou_shore_a
Ossuary:  ossuary_tomb_3

Table legend:
 A = Turns spent in this place as a percentage of turns spent in the entire game.
 B = Non-inter-level travel turns spent in this place as a percentage of non-inter-level travel turns spent in the entire game.
 C = Inter-level travel turns spent in this place as a percentage of turns spent in this place.
 D = Turns resting spent in this place as a percentage of non-inter-level travel turns spent in this place.
 E = Turns spent auto-exploring this place as a percentage of non-inter-level travel turns spent in this place.
 F = Non-inter-level travel turns spent in this place divided by the number of levels of this place that you've seen.
                   A       B       C       D       E      F
               +-------+-------+-------+-------+-------+----------------------
         Total | 100.0 | 100.0 |   0.5 |   2.4 |   8.2 | 280.1
       Dungeon |  67.0 |  67.0 |   0.7 |   2.1 |   8.4 | 304.8
        Temple |   1.5 |   1.5 |   1.8 |   0.0 |  35.2 |  54.0
          Lair |  26.5 |  26.6 |   0.2 |   2.9 |   7.0 | 322.7
       Ossuary |   4.9 |   5.0 |   0.0 |   3.3 |   5.0 | 181.0
               +-------+-------+-------+-------+-------+----------------------

Table legend:
 A = Kills in this place as a percentage of kills in entire the game.
 B = Kills by you in this place as a percentage of kills by you in the entire game.
 C = Kills by friends in this place as a percentage of kills by friends in the entire game.
 D = Other kills in this place as a percentage of other kills in the entire game.
 E = Experience gained in this place as a percentage of experience gained in the entire game.
 F = Experience gained in this place divided by the number of levels of this place that you have seen.
                   A       B       C       D       E      F
               +-------+-------+-------+-------+-------+----------------------
         Total | 100.0 | 100.0 | 100.0 | 100.0 | 100.0 | 1114.1
       Dungeon |  68.3 |  74.6 |  61.2 |   0.0 |  27.2 | 492.1
          Lair |  24.8 |  21.4 |  28.2 | 100.0 |  72.1 | 3480.7
       Ossuary |   7.0 |   4.0 |  10.7 |   0.0 |   0.7 | 104.0
               +-------+-------+-------+-------+-------+----------------------
